 Dungeon Crawl Stone Soup version 0.19-a0-1827-g174f941 (console) character file.

18818 brucemayne the Severer (level 12, -2/103 HPs)
             Began as a Hill Orc Monk on Oct 7, 2016.
             Was a High Priest of the Shining One.
             Killed by divine providence
             ... invoked by a meliai
              (15 damage)
             ... on level 5 of the Lair of Beasts.
             The game lasted 00:49:34 (7741 turns).

brucemayne the Severer (Hill Orc Monk)              Turns: 7741, Time: 00:49:34

Health: -2/103     AC: 19    Str: 19    XL:     12   Next: 62%
Magic:  6/20       EV:  8    Int: 10    God:    the Shining One [*****.]
Gold:   417        SH:  0    Dex: 13    Spells: 0 memorised, 11 levels left

rFire  . . .     SeeInvis .     z - +1 battleaxe
rCold  . . .     Gourm    .     B - +0 plate armour
rNeg   + + .     Faith    .     (shield currently unavailable)
rPois  +         Spirit   .     p - +1 helmet
rElec  .         Dismiss  .     d - +1 cloak
rCorr  .         Reflect  .     (no gloves)
MR     +....     Harm     .     (no boots)
Stlth  ..........               (no amulet)
                                F - ring of protection from magic
                                e - ring of poison resistance

@: very slightly contaminated, hasted, glowing, very quick
A: no striking features
a: Divine Shield, Cleansing Flame, Summon Divine Warrior, Renounce Religion


You were on level 5 of the Lair of Beasts.
You worshipped the Shining One.
The Shining One was extremely pleased with you.
You were hungry.

You visited 3 branches of the dungeon, and saw 18 of its levels.
You also visited: Sewer.

You collected 417 gold pieces.

Inventory:

Hand Weapons
 i - a +1 flail of protection
 z - a +1 battleaxe (weapon)
 E - a +0 war axe
 U - a +0 battleaxe
Missiles
 n - 2 tomahawks (quivered)
 o - 4 tomahawks of dispersal
Armour
 d - a +1 cloak (worn)
 g - a +0 helmet of intelligence
 p - a +1 helmet (worn)
 t - a +0 fire dragon armour
 u - a troll hide {Purgy}
 B - a +0 plate armour (worn)
Magical Staves
 q - an uncursed staff of wizardry
Jewellery
 a - the ring "Cuxit" {Str-4 Int+5}
   (You found it on level 2 of the Lair of Beasts)

   [ring of strength]

   It affects your strength (-4).
   It affects your intelligence (+5).
 e - a ring of poison resistance (left hand)
 F - a ring of protection from magic (right hand)
 O - a +2 amulet of reflection {unknown}
Wands
 h - a wand of disintegration (13/24)
 k - a wand of digging (14/24)
 x - a wand of iceblast (6/15)
 G - a wand of iceblast (1/15)
 I - a wand of iceblast (5/15)
 J - a wand of lightning (0/15)
 P - a wand of iceblast (8/15)
 R - a wand of slowing (17/48)
 T - a wand of acid (9/15)
 V - a wand of lightning (7/15)
 W - a wand of acid (6/15)
 Y - a wand of disintegration (7/24)
Scrolls
 m - 7 scrolls of remove curse
 r - a scroll of silence
 v - a scroll of enchant weapon
 L - 3 scrolls of recharging
Potions
 s - a potion of cancellation {unknown}
 w - a potion of brilliance {unknown}
 A - a potion of experience {unknown}
 D - 2 potions of degeneration {unknown}
 H - a potion of beneficial mutation {unknown}
 K - 2 potions of magic {unknown}
 S - a potion of flight {unknown}
 Z - a potion of curing
Books
 N - a book of Misfortune

   Spells                             Type                      Level
   a - Confusing Touch                Hexes                        1
   b - Confuse                        Hexes                        3
   c - Gell's Gravitas                Hexes/Translocation          3
   d - Petrify                        Transmutation/Earth          4
   e - Metabolic Englaciation         Hexes/Ice                    5
   f - Yara's Violent Unravelling     Hexes/Transmutation          5
Miscellaneous
 j - a phial of floods
 M - a fan of gales
Comestibles
 b - 3 meat rations
 c - 5 bread rations
 f - 8 slices of pizza
 C - 3 fruits
 X - a beef jerky


   Skills:
 + Level 8.9 Fighting
 + Level 17.8 Axes
 - Level 9.4 Armour
 - Level 3.9 Dodging
 - Level 1.5 Stealth
 - Level 11.3 Invocations


You had 11 spell levels left.
You didn't know any spells.

Dungeon Overview and Level Annotations

Branches:
Dungeon (11/15)            Temple (0/1) D:5            Lair (6/6) D:10
  Snake (0/4) Lair:3        Slime (0/5) Lair:5          Orc (1/2) D:10
  Swamp: Lair:2-4    Shoals: Lair:2-4

Altars:
Dithmenos
Gozag
Xom
The Shining One
Jiyva

Shops:
D:5 [   D:8 (   D:10 =

Annotations:
D:4 Sigmund
D:9 exclusion: downstairs
D:11 Ijustatesigmund's ghost, journeyman SpAs
Lair:2 exclusions: downstairs and 2 upstairs
Lair:3 Sonja
Lair:4 Urug
Lair:5 exclusions: downstairs and upstairs


Message History

Unknown command.
Unknown command.
Okay, then.
Okay, then.
Okay, then.
You are momentarily dazzled by a brilliant light.
You feel somewhat more hungry.
You feel sick.
The killer bee stings you but does no damage.
The killer bee stings you.
* * * LOW HITPOINT WARNING * * *
You are more poisoned.
The killer bee poisons you!
Your daeva calls down the wrath of the Shining One upon the killer bee.
The killer bee is smitten.
The killer bee dies!
You feel better.
Your daeva blocks the killer bee's attack.
The meliai mumbles some strange prayers to its god against you.
Something smites you!
You die...

#.........## #.......##
#.........†###......#.# #
#.....................#
#.#........A##..........#
#..........P#...........
#......y..##........y#.
###+.y†#..#####PPPP...#
#...y##### #.....#y#
##..A@## ##...## y
####..#.# # P..##
##.....P.#.##.###..#
#..................P
#...............#
#...........>_.#.
###................
#.................P
###................


You could see a meliai, a killer bee and a friendly daeva.

Vanquished Creatures
  Josephine (Lair:4)
  7 elephants
  Maurice (D:8)
  Psyche (D:9)
  3 black mambas
  3 spiny frogs
  3 komodo dragons
  The ghost of brucemayne the Chopper, an amateur HOMo (D:6)
  2 two-headed ogres (D:10)
  Prince Ribbit (Lair:3)
  2 blink frogs (Lair:3)
  A wind drake (shapeshifter) (D:10)
  6 hippogriffs
  5 wraiths
  16 yaks
  2 basilisks
  A human (D:10)
  3 hogs (D:10)
  The ghost of junb69 the Slasher, an amateur HESk (Sewer)
  A warg (D:10)
  A swamp worm (Lair:4)
  A naga (Lair:4)
  6 water moccasins
  Purgy (D:6)
  An orc warrior (D:10)
  4 porcupines
  2 phantoms (D:9)
  10 wolves
  2 necrophages (D:7)
  5 ogres
  5 centaurs
  6 crocodiles
  3 bullfrogs
  A water moccasin skeleton (D:10)
  9 wights
  4 howler monkeys
  3 crimson imps
  3 jellies
  3 hounds
  A bullfrog skeleton (D:5)
  An orc priest (D:4)
  3 iguanas
  4 worker ants
  5 orc wizards
  2 killer bee zombies
  A hound zombie (D:8)
  A worker ant zombie (D:7)
  A howler monkey skeleton (D:10)
  4 adders
  An adder zombie (D:9)
  An adder skeleton (D:8)
  6 leopard geckos
  21 orcs
  5 giant cockroaches
  3 goblins
  4 hobgoblins
  4 jackals (D:4)
  5 kobolds
  2 quokkas
  6 bats
  4 frilled lizards
  A leopard gecko skeleton (D:8)
  A rat (D:2)
  2 fungi
220 creatures vanquished.

Vanquished Creatures (collateral kills)
  3 blink frogs (Lair:3)
  A hippogriff (Lair:4)
  5 killer bees (Lair:5)
9 creatures vanquished.

Vanquished Creatures (others)
  29 fungi
  8 plants
37 creatures vanquished.

Grand Total: 266 creatures vanquished

Notes
Turn   | Place    | Note
-------+----------+-------------------------------------------
     0 | D:1      | brucemayne the Hill Orc Monk began the quest for the Orb.
     0 | D:1      | Reached XP level 1. HP: 19/19 MP: 1/1
   183 | D:1      | Reached XP level 2. HP: 16/26 MP: 2/2
   246 | D:2      | Reached skill level 5 in Axes
   353 | D:2      | You fall through a shaft!
   432 | D:3      | Reached XP level 3. HP: 26/31 MP: 3/3
   467 | D:4      | Found a shadowy altar of Dithmenos.
   478 | D:4      | Noticed Sigmund
   545 | D:4      | Found a glowing golden altar of the Shining One.
   557 | D:4      | Reached skill level 6 in Axes
   561 | D:4      | Became a worshipper of the Shining One
   561 | D:4      | Reached * piety under the Shining One
   561 | D:4      | Reached ** piety under the Shining One
   627 | D:4      | Reached XP level 4. HP: 18/39 MP: 4/4
   695 | D:4      | Reached skill level 7 in Axes
   730 | D:4      | Reached XP level 5. HP: 34/45 MP: 5/5
   825 | D:5      | Entered Level 5 of the Dungeon
   825 | D:5      | Noticed a centaur
   833 | D:5      | HP: 1/45 [centaur (9)]
   839 | D:5      | Killed a centaur
   839 | D:5      | Reached skill level 8 in Axes
   872 | D:5      | Reached XP level 6. HP: 7/51 MP: 6/6
   900 | D:5      | Found a staircase to the Ecumenical Temple.
   963 | D:6      | Reached skill level 9 in Axes
  1375 | D:5      | Found Issonko's Armour Emporium.
  1523 | D:6      | Reached XP level 7. HP: 57/60 MP: 7/7
  1602 | D:6      | Found a glowing drain.
  1624 | Sewer    | Entered a sewer
  1637 | Sewer    | Noticed junb69's ghost (amateur HESk)
  1661 | Sewer    | Killed junb69's ghost
  1661 | Sewer    | Reached skill level 5 in Fighting
  1667 | Sewer    | Reached skill level 10 in Axes
  1748 | Sewer    | Noticed Purgy
  1799 | D:6      | Reached skill level 1 in Armour
  1957 | D:6      | Reached *** piety under the Shining One
  1990 | D:6      | Noticed brucemayne's ghost (amateur HOMo)
  2000 | D:6      | Killed Purgy
  2000 | D:6      | Reached XP level 8. HP: 68/68 MP: 8/8
  2001 | D:6      | Killed brucemayne's ghost
  2001 | D:6      | Reached skill level 11 in Axes
  2089 | D:6      | Found an opulent altar of Gozag.
  2238 | D:7      | Reached skill level 12 in Axes
  2480 | D:7      | Reached XP level 9. HP: 58/70 MP: 9/9
  2598 | D:8      | Reached skill level 13 in Axes
  2604 | D:8      | Noticed Maurice
  2626 | D:8      | Killed Maurice
  2683 | D:8      | Found a shimmering altar of Xom.
  2784 | D:9      | Found an opulent altar of Gozag.
  2910 | D:9      | Reached skill level 14 in Axes
  3086 | D:9      | Reached **** piety under the Shining One
  3117 | D:8      | Found Geluzav's Weapon Emporium.
  3117 | D:8      | Noticed Psyche
  3130 | D:9      | Killed Psyche
  3130 | D:9      | Reached skill level 15 in Axes
  3254 | D:10     | Entered Level 10 of the Dungeon
  3254 | D:10     | Noticed a two-headed ogre
  3298 | D:10     | Noticed a wind drake
  3324 | D:10     | Killed a wind drake
  3324 | D:10     | Reached XP level 10. HP: 16/77 MP: 10/10
  3408 | D:9      | Reached skill level 16 in Axes
  3604 | D:10     | Found Allop's Jewellery Shoppe.
  3681 | D:11     | Noticed Ijustatesigmund's ghost (journeyman SpAs)
  3805 | D:10     | Reached skill level 17 in Axes
  3895 | D:10     | Found a staircase to the Orcish Mines.
  3943 | D:10     | Found a staircase to the Lair.
  3977 | Orc:1    | Entered Level 1 of the Orcish Mines
  3977 | Orc:1    | Noticed an orc knight
  4069 | D:10     | HP: 3/79 [two-headed ogre/giant club (18)]
  4328 | Lair:1   | Entered Level 1 of the Lair of Beasts
  4339 | Lair:1   | Noticed an eight-headed hydra
  4340 | Lair:1   | Noticed a spiny frog
  4398 | Lair:2   | Reached skill level 1 in Invocations
  4401 | Lair:2   | Got a wavering lapis lazuli ring
  4403 | Lair:2   | Identified the cursed ring "Cuxit" {Str-4 Int+5} (You found it on level 2 of the Lair of Beasts)
  4715 | Lair:1   | Reached skill level 5 in Armour
  4726 | Lair:1   | Reached XP level 11. HP: 47/92 MP: 11/13
  4751 | Lair:1   | Reached ***** piety under the Shining One
  5089 | Lair:2   | Reached skill level 5 in Invocations
  5139 | Lair:3   | Noticed Prince Ribbit
  5176 | Lair:4   | HP: 1/95 [yak (9)]
  5215 | Lair:4   | Noticed Urug
  5216 | Lair:4   | HP: 2/95 [Urug/javelin (6)]
  5223 | Lair:4   | Noticed an eight-headed hydra
  5231 | Lair:4   | The Shining One protects you from harm!
  5232 | Lair:4   | HP: 3/95 [Urug/javelin (2)]
  5236 | Lair:4   | The Shining One protects you from harm!
  5239 | Lair:4   | HP: 3/95 [hippogriff (1)]
  5240 | Lair:4   | The Shining One protects you from harm!
  5533 | Lair:3   | Killed Prince Ribbit
  5740 | Lair:3   | Noticed Sonja
  5770 | Lair:4   | Noticed Josephine
  6241 | Lair:3   | Found a staircase to the Snake Pit.
  6415 | Lair:2   | Reached XP level 12. HP: 50/103 MP: 18/18
  6897 | Lair:3   | Reached skill level 10 in Invocations
  7247 | Lair:4   | Killed Josephine
  7333 | Lair:4   | Noticed an eight-headed hydra
  7492 | Lair:6   | Entered Level 6 of the Lair of Beasts
  7506 | Lair:6   | Noticed an eight-headed hydra
  7672 | Lair:5   | Found a staircase to the Slime Pits.
  7672 | Lair:5   | Found a viscous altar of Jiyva.
  7739 | Lair:5   | HP: 4/103 [killer bee (2)]
  7741 | Lair:5   | Killed from afar by a meliai

Vault maps used:
D:1:      lemuel_arrival_rhombus, serial_curves, eino_curves_02, eino_curves_03
D:2:      kennysheep_slug_shrine, tso_oasis_becter
D:3:      nemelex_xobeh_ov_fountains_minmay, lemuel_doored_altar, uniq_grinder
D:4:      grunt_dithmenos_smoke, nicolae_tso_swordbearing_angel, uniq_sigmund
D:5:      first_bread, serial_shops, kennysheep_mini_moat,
          kennysheep_nondescript, hangedman_decor_lopped
D:6:      grunt_gozag_breadcrumbs, nicolae_ru_the_path_less_chosen,
          serial_shops, shop_statue, gup_sewer_entry_pipe
D:7:      lemuel_coloured_pillars_altar, serial_undead, serial_undead_d,
          serial_undead_b, serial_undead_b, serial_undead_e, serial_undead_f,
          serial_undead_d, serial_undead_a, serial_undead_c
D:8:      xom_butterflies, serial_shops, shop, uniq_maurice, uniq_psyche
D:9:      basic_altar
D:10:     due_lair_maze_entry_diamond, serial_shops, nicolae_shop_trees,
          grunt_livestock, trog_book
D:11:     uniq_snorg
Lair:1:   basic_altar, beast_lair_carwin_4, grunt_megastairs_5
Lair:3:   guppyfry_snake_entry_island, lemuel_fruit_fields, uniq_prince_ribbit2,
          uniq_sonja
Lair:4:   nicolae_swamp_entry_splash_gauntlet, beast_lair_carwin_10, uniq_urug,
          uniq_josephine
Lair:5:   slime_altar_1, special_room, grunt_megastairs_4,
          infiniplex_staircase_pool
Lair:6:   grunt_lair_end_beastmaster, serial_bayou_shore_a, grunt_megastairs_2
Orc:1:    enter_bailey_2, basic_altar
Sewer:    kennysheep_door_sewer

Skill      XL: |  1  2  3  4  5  6  7  8  9 10 11 12 |
---------------+-------------------------------------+-----
Axes           | 5 6 7 8 9 10 12 15 17 | 17.8
Fighting       | 4 5 7 8 |  8.9
Armour         | 3 4 5 8 9 |  9.4
Dodging        | 3 |  3.9
Invocations    | 3 9 11 | 11.3
Stealth        | |  1.5

Action                   |  1- 3 |  4- 6 |  7- 9 | 10-12 || total
-------------------------+-------+-------+-------+-------++-------
Melee: Hand axe          |    87 |   129 |   195 |       ||   411
       Battleaxe         |       |       |   136 |   485 ||   621
Invok: Divine Shield     |       |     2 |       |     6 ||     8
       Summon Divine War |       |       |       |     4 ||     4
Evoke: Wand              |       |       |       |    11 ||    11
  Use: Potion            |       |     2 |     1 |    14 ||    17
       Scroll            |       |       |     9 |     6 ||    15
 Stab: Sleeping          |     2 |       |       |       ||     2
  Eat: Chunk             |       |     3 |     4 |    10 ||    17
       Pizza             |       |       |     1 |       ||     1
       Beef jerky        |       |       |     1 |     3 ||     4
       Fruit             |       |       |       |     2 ||     2
Armor: Robe              |    18 |       |       |       ||    18
       Leather armour    |     4 |    18 |       |       ||    22
       Scale mail        |       |     8 |    71 |       ||    79
       Plate armour      |       |       |    82 |   300 ||   382
Dodge: Dodged            |    52 |    66 |   114 |   174 ||   406
Block: Other             |       |     8 |       |    18 ||    26
